 Dungeon Crawl Stone Soup version 0.28-a0-79-g444c7a33f5 (webtiles) character file.

Game seed: 11177597740146868179

1 siradein the Magician (level 1, 0/15 HPs)
             Began as a Djinni Enchanter on Aug 3, 2021.
             Slain by a bat (1 damage)
             ... on level 1 of the Dungeon.
             The game lasted 00:00:58 (93 turns).

siradein the Magician (Djinni Enchanter)              Turns: 93, Time: 00:00:59

Health: 0/15       AC:  2    Str:  7    XL:     1   Next: 22%
Gold:   0          EV: 12    Int: 16    God:
                   SH:  0    Dex: 13

rFire   + + .      SeeInvis .   a - +1 dagger
rCold   x . .      Faith    .   (no shield)
rNeg    . . .      Spirit   .   b - +0 robe
rPois   ∞          Reflect  .   (no helmet)
rElec   .          Harm     .   (no cloak)
rCorr   .          Rampage  .   (no gloves)
Will    .....                   (boots unavailable)
Stlth   ++........              (no amulet)
HPRegen 0.05/turn               (no ring)
MPRegen 0.00/turn               (no ring)

@: flying
A: sickness immunity, fire resistance 2, cold vulnerability 1, float, innate
caster, hp casting, extra vitality 1
a: no special abilities


You were on level 1 of the Dungeon.
You visited 1 branch of the dungeon, and saw 1 of its levels.

Inventory:

Hand Weapons
 a - a +1 dagger (weapon)
Armour
 b - a +0 robe (worn)


   Skills:
 - Level 0.8 Short Blades
 - Level 2.1 Dodging
 - Level 2.4 Stealth
 + Level 2.4 Spellcasting


You couldn't memorise any spells.
You knew the following spells:

 Your Spells              Type           Power      Damage    Failure   Level
a - Corona                Hex            10%        N/A       7%          1
b - Ensorcelled Hibernat  Hex/Ice        18%        N/A       11%         2
c - Confusing Touch       Hex            9%         N/A       22%         3
d - Tukima's Dance        Hex            9%         N/A       22%         3
e - Dazzling Flash        Conj/Hex       18%        N/A       22%         3
Your spell library was empty.

Dungeon Overview and Level Annotations

Branches:
Dungeon (1/15)

Altars:


Innate Abilities, Weirdness & Mutations

You are immune to sickness and miasma.
You are immune to poison.
Your flesh is very heat resistant. (rF++)
You are vulnerable to cold. (rC-)
You float through the air rather than walking.
You learn spells naturally, not from books.
Your magical power is your life essence.
You have superior vitality. (+4 HP)


Message History

The bat closely misses you.
Aiming: Corona (safe; 7% risk of failure)
Press: ? - help, Q - select action, (/) - cycle Shift-Dir - straight line, f - bat
Aim: a bat (chance to affect: 62%)
The bat struggles to resist.
* * * LOW HITPOINT WARNING * * *
The bat barely misses you. The bat hits you.
* * * LOW HITPOINT WARNING * * *
You hit the bat.
The bat is moderately wounded.
The bat closely misses you.
You hit the bat but do no damage.
The bat is moderately wounded.
The bat hits you but does no damage.
You hit the bat but do no damage.
The bat is moderately wounded.
The bat hits you.
* * * LOW HITPOINT WARNING * * *
The bat completely misses you. The bat barely misses you.
You hit the bat.
The bat is moderately wounded.
The bat closely misses you. The bat barely misses you. The bat misses you.
The bat hits you but does no damage. The bat closely misses you.
The bat barely misses you. The bat closely misses you.
The bat closely misses you.
You hit the bat.
The bat is moderately wounded.
The bat closely misses you. The bat barely misses you. The bat hits you.
* * * LOW HITPOINT WARNING * * *
The bat closely misses you.
You barely miss the bat.
The bat is moderately wounded.
The bat hits you.
You die...

#. #......# #.#
#......###### # #.#
#............ #.#.#
#............ ###.#.#
#............ ......
+............
####.#.#####............
.......)........@b.#
######.###########.# #.#
.. #.# ## #.# #.####.#
#......# #######.#####
..'...'.#


You could see a bat.

Vanquished Creatures
  A kobold (D:1)
1 creature vanquished.

Notes
Turn   | Place    | Note
-------+----------+-------------------------------------------
     0 | D:1      | siradein the Djinni Enchanter began the quest for the Orb.
     0 | D:1      | Reached XP level 1. HP: 15/15 MP: 0/0
    93 | D:1      | Slain by a bat

Illustrated notes

Levels and vault maps discovered:
D:1:      beargit_arrival_diablo_church, layout_basic,
          hellmonk_ecumenical_altar_zigzags

Action                   || total
-------------------------++-------
Melee: Dagger            ||    13
 Cast: Corona            ||     3
Armor: Robe              ||     3
Dodge: Dodged            ||    26

Table legend: (Time is in decaauts)
 A = Elapsed time spent in this place.
 B = Non-inter-level travel time spent in this place.
 C = Inter-level travel time spent in this place.
 D = Time resting spent in this place.
 E = Time spent auto-exploring this place.
 F = Levels seen in this place.
 G = Mean time per level.
                   A        B        C        D        E       F      G
               +--------+--------+--------+--------+--------+-----+--------+
         Total |     92 |     92 |      0 |      0 |     50 |   1 |   92.0 |
       Dungeon |     92 |     92 |      0 |      0 |     50 |   1 |   92.0 |
               +--------+--------+--------+--------+--------+-----+--------+

Top non-repeatable levels by time:
     D:1: 92 daAuts
